 Dungeon Crawl Stone Soup version 0.30-a0-596-g0af90f9a20 (webtiles) character file.

Game seed: 8476238876977336155

3073 spardeous the Nimble (level 9, -1/34 HPs)
             Began as a Felid Earth Elementalist on Jan 7, 2023.
             Was an Initiate of Gozag.
             Slain by a freezing wraith (13 damage)
             ... on level 9 of the Dungeon.
             The game lasted 00:15:03 (9125 turns).

spardeous the Nimble (Felid Earth Elementalist)     Turns: 9125, Time: 00:15:03

Health: -1/34      AC:  2    Str:  4    XL:     9   Next: 58%
Magic:  22/22      EV: 24    Int: 26    God:    Gozag
Gold:   1396       SH:  0    Dex: 17    Spells: 4/12 levels left
                                        Lives:  0   Deaths: 2

rFire   . . .      SeeInvis +    (weapon unavailable)
rCold   . . .      Faith    .    (shield unavailable)
rNeg    . . .      Spirit   .    (body armour unavailable)
rPois   .          Reflect  .    (helmet unavailable)
rElec   .          Harm     .    (cloak unavailable)
rCorr   .          Rampage  .    (gloves unavailable)
Will    +....                    (boots unavailable)
Stlth   ++                       A - amulet of magic regeneration
HPRegen 0.25/turn                J - +6 ring of intelligence
MPRegen 0.58/turn                k - ring of magical power

@: slowed, slow
A: very small, claws 1, fangs 3, see invisible, speed 1, shaggy fur 2, stealthy
paws, no weapons or thrown items, no armour, multi-lived
a: Renounce Religion, Potion Petition, Call Merchant, Bribe Branch


You were on level 9 of the Dungeon.
You worshipped Gozag.
Gozag was most pleased with you.
You visited 2 branches of the dungeon, and saw 10 of its levels.
You also visited: Ossuary.

You collected 1486 gold pieces.
You paid 90 gold pieces to Gozag.

Inventory:

Jewellery
 d - an amulet of regeneration
 j - a +4 ring of slaying
 k - a ring of magical power (right paw)
 n - a ring of flight
 t - an amulet of the acrobat
 w - an amulet of guardian spirit
 A - an amulet of magic regeneration (around neck)
 F - a ring of fire
 H - a ring of willpower
 J - a +6 ring of intelligence (left paw)
Wands
 p - a wand of polymorph (18)
 E - a wand of acid (19)
 K - a wand of roots (3)
Scrolls
 c - 2 scrolls of identify
 e - 3 scrolls of blinking
 f - 3 scrolls of poison {unknown}
 h - 2 scrolls of vulnerability {unknown}
 o - 3 scrolls of noise {unknown}
 s - 6 scrolls of teleportation
 v - 2 scrolls of immolation
 y - 2 scrolls of enchant armour
 D - a scroll of torment {unknown}
 G - a scroll of amnesia {unknown}
 I - a scroll of enchant weapon {unknown}
Potions
 a - 3 potions of magic
 b - 2 potions of ambrosia {unknown}
 g - a potion of berserk rage {unknown}
 i - 3 potions of heal wounds {unknown}
 l - 2 potions of might {unknown}
 m - 3 potions of flight
 q - 3 potions of curing
 r - 2 potions of lignification {unknown}
 u - a potion of degeneration {unknown}
 x - 3 potions of attraction {unknown}
 z - 4 potions of mutation {unknown}
 B - a potion of cancellation
 C - 4 potions of haste {unknown}


   Skills:
 - Level 10.6 Dodging
 - Level 2.6 Stealth
 - Level 2.0 Spellcasting
 + Level 8.8 Conjurations
 - Level 1.1 Transmutations
 - Level 7.7 Earth Magic


You had 4 spell levels left.
You knew the following spells:

 Your Spells              Type           Power      Damage    Failure   Level
a - Sandblast             Erth           84%        2d18      1%          1
b - Stone Arrow           Conj/Erth      90%        3d12      1%          3
c - Petrify               Tmut/Erth      25%        N/A       17%         4

Your spell library contained the following spells:

 Spells                   Type           Power      Damage    Failure   Level
 Passwall                 Tmut/Erth      20%        N/A       2%          2
 Vhi's Electric Charge    Tloc/Air       4%         N/A       30%         3
 Iskenderun's Battlesphe  Conj           48%        2d10      8%          5
 Arcjolt                  Conj/Air       12%        1d22      43%         5
 Fireball                 Conj/Fire      12%        3d7       43%         5
 Orb of Destruction       Conj           24%        9d9       94%         7
 Conjure Ball Lightning   Conj/Air       12%        3x3d6     95%         6
 Maxwell's Capacitive Co  Air            1%         ∞         100%        8


Dungeon Overview and Level Annotations

Branches:
Dungeon (9/15)             Temple (1/1) D:5         Ossuary (visited)
   Lair: D:8-11         Orc: D:9-12

Altars:
Ashenzari
Cheibriados
Dithmenos
Elyvilon
Fedhas
Gozag
Hepliaklqana
Kikubaaqudgha
Makhleb
Nemelex Xobeh
Okawaru
Qazlal
Ru
Sif Muna
Trog
Uskayaw
Vehumet
Wu Jian
Xom
Yredelemnul
Zin
The Shining One

Annotations:
D:6 5 runed translucent doors


Innate Abilities, Weirdness & Mutations

You have sharp claws.
You have razor-sharp teeth.
You have supernaturally acute eyesight. (SInv)
You cover ground quickly. (Speed+)
You are covered in thick fur. (AC +2)
Your paws help you pounce on unaware monsters.
You are incapable of wielding weapons or throwing items.
You cannot wear armour.
You gain extra lives every three experience levels.


Message History

Press: ? - help, Shift-Dir - straight line, f - killer bee simulacrum
Aim: a killer bee simulacrum (67% to hit)
The stone arrow misses the killer bee simulacrum.
Casting: Stone Arrow (safe; 1% risk of failure)
Confirm with . or Enter, or press ? or * to list all spells.
Aiming: Stone Arrow (safe; 1% risk of failure)
Press: ? - help, Shift-Dir - straight line, f/p - killer bee simulacrum
Aim: a killer bee simulacrum (67% to hit)
The stone arrow hits the killer bee simulacrum!!
The killer bee simulacrum vaporises!
Casting: Stone Arrow (safe; 1% risk of failure)
Confirm with . or Enter, or press ? or * to list all spells.
Aiming: Stone Arrow (safe; 1% risk of failure)
Press: ? - help, Shift-Dir - straight line, f - freezing wraith
Aim: a freezing wraith (76% to hit)
The stone arrow hits the freezing wraith!!
The freezing wraith is heavily damaged.
Casting: Stone Arrow (safe; 1% risk of failure)
Confirm with . or Enter, or press ? or * to list all spells.
Aiming: Stone Arrow (safe; 1% risk of failure)
Press: ? - help, Shift-Dir - straight line, f/p - freezing wraith
Aim: a freezing wraith (moderately damaged, 76% to hit)
The stone arrow hits the freezing wraith!
The freezing wraith is severely damaged.
Casting: Stone Arrow (safe; 1% risk of failure)
Confirm with . or Enter, or press ? or * to list all spells.
Aiming: Stone Arrow (safe; 1% risk of failure)
Press: ? - help, Shift-Dir - straight line, f/p - freezing wraith
Aim: a freezing wraith (severely damaged, 76% to hit)
The stone arrow misses the freezing wraith.
Casting: Stone Arrow (safe; 1% risk of failure)
Confirm with . or Enter, or press ? or * to list all spells.
You can't see any susceptible monsters within range! (Use Z to cast anyway.) Unknown command.
The freezing wraith hits you. The freezing wraith freezes you!
The freezing wraith hits you! The freezing wraith drains your vigour!
You feel yourself slow down. The freezing wraith hits you!
You die...
Your body crumbles into a pile of gold.

...##. #....... ......
#......
.#....######....###
...................
#..##..##.....##
#......$.......#
#..##..###.....#
#..##..#.......#
#..##.@#.#...[.#.#
#..##..W.......#.#
#####..##.##########.#
#....................#
#.####........########
#.# #.##.####.#
######.# #.#..# ..
##......# #.#.##
.....##.# #.#.#


You could see a freezing wraith.

Vanquished Creatures
  A cyclops (D:9)
  A manticore (D:8)
  A spriggan (D:7)
  2 wraiths
  A steam dragon (D:7)
  Edmund (D:4)
  2 acid dragons (D:9)
  A water moccasin (D:8)
  2 ice beasts (D:8)
  An orc warrior (D:8)
  2 sky beasts (D:8)
  2 black bears (D:4)
  A phantom (D:4)
  A bullfrog (D:7)
  3 scorpions
  A necrophage (D:8)
  4 wights
  2 howler monkeys
  A lava snake (D:8)
  5 orc priests
  2 jellies
  2 gnoll boudas
  4 hounds
  Crazy Yiuf (D:2)
  Terence (D:2)
  Natasha (thrice) (D:2)
  6 iguanas
  4 orc wizards
  8 mummies (Ossuary)
  A killer bee simulacrum (D:9)
  9 gnolls
  8 adders
  2 shadow imps
  A white imp (D:7)
  4 worms
  3 dart slugs
  31 orcs
  3 bats
  5 endoplasms
  3 gnoll zombies (Ossuary)
  3 goblins
  8 hobgoblins
  3 jackals (D:1)
  2 quokkas
  3 ball pythons
  4 frilled lizards
  A goblin zombie (D:7)
  A hobgoblin zombie (Ossuary)
  3 kobold zombies (Ossuary)
  An orc zombie (Ossuary)
  4 rats
  A rat zombie (D:7)
170 creatures vanquished.

Vanquished Creatures (others)
  3 plants (D:2)
3 creatures vanquished.

Grand Total: 173 creatures vanquished

Notes
Turn   | Place    | Note
-------+----------+-------------------------------------------
     0 | D:1      | spardeous the Felid Earth Elementalist began the quest for
                  | the Orb.
     0 | D:1      | Reached XP level 1. HP: 7/7 MP: 4/4
   166 | D:1      | Reached skill level 3 in Dodging
   433 | D:1      | Reached XP level 2. HP: 11/11 MP: 3/6
   952 | D:2      | Found a faded altar of an unknown god.
  1051 | D:2      | Noticed Natasha
  1055 | D:2      | Killed Natasha
  1056 | D:2      | Reached skill level 4 in Dodging
  1056 | D:2      | Reached XP level 3. HP: 14/14 MP: 7/7
  1373 | D:2      | Noticed Natasha
  1379 | D:2      | Killed Natasha
  1380 | D:2      | Reached XP level 4. HP: 18/18 MP: 8/8
  1461 | D:2      | Noticed Terence
  1481 | D:2      | Killed Terence
  1482 | D:2      | Reached skill level 5 in Dodging
  1775 | D:2      | Found a runed translucent door.
  1776 | D:2      | Noticed Crazy Yiuf
  1803 | D:2      | Noticed Natasha
  1809 | D:2      | Killed Natasha
  1810 | D:2      | Reached XP level 5. HP: 15/21 MP: 9/9
  2314 | D:4      | Reached skill level 6 in Dodging
  2465 | D:4      | Gained mutation: You are covered in thick fur. (AC +2)
                  | [Felid growth]
  2465 | D:4      | Reached XP level 6. HP: 24/24 MP: 10/10
  2488 | D:4      | Noticed Edmund
  2596 | D:4      | Reached skill level 5 in Earth Magic
  2697 | D:5      | Entered Level 5 of the Dungeon
  2821 | D:5      | Reached skill level 7 in Dodging
  2913 | D:5      | Found a staircase to the Ecumenical Temple.
  2925 | Temple   | Entered the Ecumenical Temple
  2957 | Temple   | Became a worshipper of Gozag Ym Sagoz the Greedy
  3038 | D:5      | Reached XP level 7. HP: 27/27 MP: 11/11
  3539 | D:5      | Reached skill level 8 in Dodging
  3597 | D:5      | Found a hide-covered altar of Uskayaw.
  3597 | D:5      | Found a sacrificial altar of Ru.
  3802 | D:4      | Killed Edmund
  4082 | D:4      | Reached skill level 9 in Dodging
  4082 | D:4      | Reached XP level 8. HP: 31/31 MP: 12/12
  5083 | D:2      | Killed Crazy Yiuf
  5498 | D:5      | Succumbed to an orc wizard's poison
  5499 | D:5      | Reached XP level 7. HP: -2/27 MP: 20/20
  5584 | D:6      | Reached skill level 10 in Dodging
  5632 | D:6      | Noticed a redback
  5633 | D:6      | Found a runed translucent gate.
  5634 | D:6      | Found a runed translucent door.
  5649 | D:6      | Found a runed translucent gate.
  5649 | D:6      | Noticed a redback
  5656 | D:6      | Found a runed translucent door.
  5657 | D:6      | Noticed a redback
  5658 | D:6      | Noticed a redback
  5660 | D:6      | Found a runed translucent gate.
  5664 | D:6      | Found the +9 staff of Olgreb {rPois∞}
  5840 | D:6      | Found a glowing golden altar of the Shining One.
  5840 | D:6      | Found a hazy altar of Hepliaklqana.
  5841 | D:6      | Found a blossoming altar of Fedhas.
  5847 | D:6      | Found a stormy altar of Qazlal.
  6025 | D:6      | Learned a level 3 spell: Stone Arrow
  6030 | D:6      | Learned a level 4 spell: Petrify
  6073 | D:7      | Noticed a wraith
  6284 | D:6      | Reached XP level 8. HP: 29/31 MP: 12/12
  6308 | D:7      | Found a sand-covered staircase.
  6315 | Ossuary  | Entered an ossuary
  6360 | Ossuary  | Reached skill level 1 in Conjurations
  6748 | D:7      | Slain by a wraith
  6749 | D:7      | Reached XP level 7. HP: -2/27 MP: 20/20
  6912 | D:7      | Killed a wraith
  6953 | D:7      | Noticed a steam dragon
  6963 | D:7      | Killed a steam dragon
  7078 | D:7      | Noticed a spriggan hatter
  7080 | D:7      | Killed a spriggan hatter
  7081 | D:7      | Reached XP level 8. HP: 31/31 MP: 12/12
  7618 | D:8      | Reached skill level 5 in Conjurations
  7904 | D:8      | Noticed a manticore
  7912 | D:8      | Killed a manticore
  7913 | D:8      | Reached XP level 9. HP: 34/34 MP: 8/13
  8352 | D:8      | Found a shimmering blue altar of Sif Muna.
  8775 | D:9      | Found a shimmering altar of Xom.
  8944 | D:9      | Noticed a cyclops
  8946 | D:9      | Killed a cyclops
  8960 | D:9      | Noticed a rakshasa
  8961 | D:9      | Noticed a manticore
  8961 | D:9      | Noticed a yaktaur
  9083 | D:9      | Noticed a freezing wraith
  9125 | D:9      | Slain by a freezing wraith

Illustrated notes

Levels and vault maps discovered:
D:1:      heliophobic_arrival_glass_houses, layout_basic
D:2:      layout_basic, dreamdust_ecumenical_altar_grove,
          grunt_decor_mini_mirrors, serial_bayou_lagoon_a,
          uniq_crazy_yiuf_cottage, uniq_terence, uniq_natasha
D:3:      layout_loops_cross
D:4:      layout_basic, minmay_crossroads, uniq_edmund
D:5:      layout_loops_ring, gammafunk_temple_overflow_statue,
          minmay_temple_entry_purple_smoke
D:6:      layout_rooms, nicolae_overflow_quartered_altars,
          minmay_guarded_unrand_staff_of_olgreb
D:7:      layout_basic, enter_ossuary_4, the_hattery
D:8:      layout_loops_ring, tgw_sif, kennysheep_flooded_box
D:9:      minmay_cut_squares, layout_loops_ring, mainiacjoe_overflow_24_doors,
          erik_lair_dragon, serial_co_window_serial, co_window_paths_b,
          co_window_corner_a, co_window_corner_a, co_window_paths_b,
          co_window_paths_a, co_window_unsneaky_path_e,
          co_window_of_opportunity_b, co_window_corner_ca, co_window_corner_b,
          glass_columns_c, glass_columns_a, glass_columns_a
Temple:   eino_temple_lava

Skill      XL: |  1  2  3  4  5  6  7  8  9 |
---------------+----------------------------+-----
Dodging        | 3 4 5 6 7 10 | 10.6
Earth Magic    | 3 4 5 6 7 |  7.7
Conjurations   | 4 7 8 |  8.8
Stealth        | |  2.6
Spellcasting   | |  2.0
Transmutations | |  1.1

Action                   |  1- 3 |  4- 6 |  7- 9 || total
-------------------------+-------+-------+-------++-------
Melee: Unarmed           |       |       |     1 ||     1
 Cast: Sandblast         |    34 |    81 |   249 ||   364
       Stone Arrow       |       |       |    53 ||    53
  Use: Scroll            |       |       |    10 ||    10
 Stab: Distracted        |       |       |     1 ||     1
Armor: Skin              |       |       |     8 ||     8
Dodge: Dodged            |    14 |    38 |   154 ||   206

Table legend: (Time is in decaauts)
 A = Elapsed time spent in this place.
 B = Non-inter-level travel time spent in this place.
 C = Inter-level travel time spent in this place.
 D = Time resting spent in this place.
 E = Time spent auto-exploring this place.
 F = Levels seen in this place.
 G = Mean time per level.
                   A        B        C        D        E       F      G
               +--------+--------+--------+--------+--------+-----+--------+
         Total |   7989 |   7561 |    428 |    303 |   5608 |  11 |  726.3 |
       Dungeon |   7709 |   7288 |    421 |    303 |   5434 |   9 |  856.6 |
        Temple |     60 |     53 |      7 |      0 |     45 |   1 |   60.0 |
       Ossuary |    219 |    219 |      0 |      0 |    128 |   1 |  219.0 |
               +--------+--------+--------+--------+--------+-----+--------+

Top non-repeatable levels by time:
     D:2: 1095 daAuts
     D:5: 1089 daAuts
     D:4: 1068 daAuts
     D:7: 998 daAuts
     D:8: 870 daAuts
     D:1: 783 daAuts
     D:3: 716 daAuts
     D:6: 651 daAuts
     D:9: 435 daAuts
 Ossuary: 219 daAuts
  Temple: 60 daAuts
